 Dungeon Crawl Stone Soup version 0.30.1 (webtiles) character file.

Game seed: 1647538018717417711

341 DemonSlayer the Digger (level 6, -2/42 HPs)
             Began as a Demonspawn Earth Elementalist on July 6, 2023.
             Was a Follower of Dithmenos.
             Slain by a scorpion (6 damage)
             ... on level 5 of the Dungeon.
             The game lasted 00:08:13 (3680 turns).

DemonSlayer the Digger (DsEE)                       Turns: 3680, Time: 00:08:14

Health: -2/42      AC:  3    Str:  8    XL:     6   Next: 30%
Magic:  18/21      EV: 12    Int: 19    God:    Dithmenos [*.....]
Gold:   114        SH:  0    Dex: 15    Spells: 3/13 levels left

rFire   . . .        t - +0 whip of the Sage {flame, rElec rPois Int+2}
rCold   . . .        (no shield)
rNeg    . . .        a - +0 robe
rPois   +            (helmet restricted)
rElec   +            h - +0 cloak
rCorr   .            (no gloves)
SInv    .            (no boots)
Will    .....        (no amulet)
Stlth   ++           s - ring of magical power
HPRegen 0.27/turn    (no ring)
MPRegen 0.17/turn

%: no passive effects
@: wreathed by umbra
A: hooves 1, horns 2, powered by pain 1
a: Renounce Religion


You were on level 5 of the Dungeon.
You worshipped Dithmenos.
Dithmenos was aware of your devotion.
You visited 1 branch of the dungeon, and saw 5 of its levels.

You collected 114 gold pieces.

Inventory:

Hand Weapons
 d - a +3 dagger of freezing
 p - the +8 mace "Isiack" {freeze, Str+3}
   (You found it on level 3 of the Dungeon)

   Str:       It affects your strength (+3).
 t - the +0 whip of the Sage (weapon) {flame, rElec rPois Int+2}
   (You found it on level 4 of the Dungeon)

   Int:       It affects your intelligence (+2).
   rElec:     It insulates you from electricity.
   rPois:     It protects you from poison.
Armour
 a - a +0 robe (worn)
 h - a +0 cloak (worn)
Jewellery
 s - a ring of magical power (left hand)
Scrolls
 e - 2 scrolls of teleportation
 m - a scroll of blinking {unknown}
 r - a scroll of noise {unknown}
 u - a scroll of immolation
 v - a scroll of poison
 y - a scroll of fog {unknown}
Potions
 b - a potion of magic
 c - 3 potions of brilliance
 f - a potion of attraction {unknown}
 i - a potion of berserk rage {unknown}
 j - 2 potions of curing
 l - 2 potions of invisibility {unknown}
 n - a potion of lignification {unknown}
 o - a potion of might {unknown}
 x - a potion of degeneration {unknown}


   Skills:
 + Level 0.9 Fighting
 + Level 0.4 Maces & Flails
 + Level 2.4 Dodging
 + Level 2.5 Stealth
 + Level 4.0 Spellcasting
 + Level 0.8 Transmutations
 + Level 4.5 Earth Magic


You had 3 spell levels left.
You knew the following spells:

 Your Spells              Type           Power      Damage    Failure   Level
a - Sandblast             Erth           42%        2d11      1%          1
b - Stone Arrow           Conj/Erth      24%        3d8       16%         3
c - Passwall              Tmut/Erth      11%        N/A       7%          2
d - Petrify               Tmut/Erth      14%        N/A       41%         4

Your spell library contained the following spells:

 Spells                   Type           Power      Damage    Failure   Level


Dungeon Overview and Level Annotations

Branches:
Dungeon (5/15)
 Temple: D:4-7

Altars:
Dithmenos
Okawaru
Sif Muna
Trog
Wu Jian

Annotations:
D:5 Ijyb


Innate Abilities, Weirdness & Mutations

You have large cloven feet.
You have a pair of horns on your head.
You sometimes gain a little power by taking damage.


Message History

No target in view!
You now have 114 gold pieces (gained 8).
An adder comes into view.
Ijyb the Twisted Goblin comes into view.
She is wielding a +2 spectral club and carrying a wand of iceblast (5).
There are monsters nearby!
There are monsters nearby!
There are monsters nearby!
There are monsters nearby!
The blast of sand hits the adder!
You kill the adder!
Dithmenos accepts your kill.
You can't see any susceptible monsters within range! (Use Z to cast anyway.)
Found 9 gold pieces.
Ijyb shouts!
A scorpion comes into view.
The blast of sand hits Ijyb.
Ijyb is lightly wounded.
Ijyb zaps a wand.
The mass of ice explodes!
The iceblast engulfs you!
The blast of sand hits Ijyb.
Ijyb is lightly wounded.
Ijyb hits you with a +2 spectral club. The +2 spectral club barely misses you.
A +2 spectral club comes into view.
The blast of sand hits Ijyb but does no damage.
Ijyb is lightly wounded.
The scorpion barely misses you. Ijyb completely misses you.
The +2 spectral club hits you. The scorpion stings you.
The blast of sand hits Ijyb!
Ijyb is severely wounded.
Ijyb hits you with a +2 spectral club. The +2 spectral club hits you.
The scorpion stings you.
* * * LOW HITPOINT WARNING * * *
Ijyb hits you with a +2 spectral club.
* * * LOW HITPOINT WARNING * * *
The +2 spectral club hits you.
* * * LOW HITPOINT WARNING * * *
Okay, then.
As you read the scroll labelled NYCRAPAYQO, it crumbles to dust.
The creatures around you are filled with an inner flame!
It was a scroll of immolation.
The scorpion stings you.
You die...

... .. .. . #.
..###.######
##....g(.†.# .#########
......s@...# .........
.$.........# #.......
...........# #.......
...........######.......
.....####...............
#...# #.######.#......
#... #.# #......... ###
#.# #......... #.#
#.....<...


You could see a +2 spectral club, Ijyb (inner flame) and a scorpion (inner
flame).

Vanquished Creatures
  2 hounds (D:5)
  An orc priest (D:4)
  A gnoll bouda (D:4)
  An iguana (D:4)
  An orc wizard (D:3)
  6 gnolls
  4 adders
  2 dart slugs (D:4)
  8 orcs
  8 endoplasms
  A giant cockroach (D:2)
  6 goblins
  A hobgoblin (D:2)
  4 jackals (D:4)
  9 kobolds
  A quokka (D:1)
  5 ball pythons
  7 bats
  2 frilled lizards (D:1)
  A rat (D:2)
71 creatures vanquished.

Notes
Turn   | Place    | Note
-------+----------+-------------------------------------------
     0 | D:1      | DemonSlayer the Demonspawn Earth Elementalist began the
                  | quest for the Orb.
     0 | D:1      | Reached XP level 1. HP: 13/13 MP: 3/3
     6 | D:1      | Noticed a black bear
     6 | D:1      | Noticed a wolf
     6 | D:1      | Noticed a swamp worm
     7 | D:1      | Noticed a snapping turtle
     7 | D:1      | Noticed a six-headed hydra
   195 | D:1      | Discovered your monstrous ancestry.
   195 | D:1      | Gained mutation: You have large cloven feet. [demonic
                  | ancestry]
   195 | D:1      | Reached XP level 2. HP: 15/19 MP: 0/5
   422 | D:1      | Found a faded altar of an unknown god.
   422 | D:1      | Noticed a rust devil
  1364 | D:2      | Reached XP level 3. HP: 24/24 MP: 4/6
  1367 | D:2      | Identified the staff of fire "Etiwk" {rF+ Will+}
  1639 | D:2      | Learned a level 3 spell: Stone Arrow
  1642 | D:2      | Learned a level 2 spell: Passwall
  1673 | D:3      | Found a shadowy altar of Dithmenos.
  1683 | D:3      | Became a worshipper of Dithmenos the Shadowed
  1762 | D:3      | Gained mutation: You sometimes gain a little power by
                  | taking damage. [demonic ancestry]
  1762 | D:3      | Reached XP level 4. HP: 20/30 MP: 1/8
  1894 | D:3      | Identified the +2 short sword of a bailey {chaos, rElec rN+
                  | MP-9 Str+7}
  1967 | D:3      | Found an iron altar of Okawaru.
  2159 | D:3      | Identified the +8 mace "Isiack" {freeze, Str+3}
  2318 | D:3      | Found an ornate altar of the Wu Jian Council.
  2552 | D:4      | Found a shimmering blue altar of Sif Muna.
  2590 | D:4      | Gained mutation: You have a pair of small horns on your
                  | head. [demonic ancestry]
  2590 | D:4      | Reached XP level 5. HP: 10/36 MP: 2/10
  2598 | D:4      | Identified the +0 whip of the Sage {flame, rElec rPois
                  | Int+2}
  3027 | D:4      | Reached * piety under Dithmenos
  3228 | D:4      | Found a bloodstained altar of Trog.
  3343 | D:4      | Learned a level 4 spell: Petrify
  3372 | D:5      | Entered Level 5 of the Dungeon
  3442 | D:4      | Gained mutation: You have a pair of horns on your head.
                  | [demonic ancestry]
  3442 | D:4      | Reached XP level 6. HP: 15/42 MP: 11/11
  3671 | D:5      | Noticed Ijyb
  3680 | D:5      | Slain by a scorpion

Illustrated notes

Levels and vault maps discovered:
D:1:      onia_arrival_zoo_common, layout_basic,
          dreamdust_ecumenical_altar_sealed_demon
D:2:      layout_basic, basic_altar, serial_forest, infiniplex_forest_diagonal,
          infiniplex_forest_straight_2, infiniplex_forest_straight_2,
          infiniplex_forest_clump_diagonal, infiniplex_forest_straight_1,
          infiniplex_forest_straight_3
D:3:      layout_rooms, nicolae_dithmenos_shadow_blocks,
          mainiacjoe_overflow_alcove_4, mainiacjoe_overflow_chevrons
D:4:      layout_basic, mainiacjoe_overflow_small_starburst,
          overflow_temple_1_default, serial_forest, infiniplex_forest_corner_1,
          infiniplex_forest_lined_room_3, infiniplex_forest_lined_2,
          infiniplex_forest_clump_tiny, infiniplex_forest_lined_3_way,
          infiniplex_forest_clump_tiny, infiniplex_forest_clump_double,
          infiniplex_forest_straight_2
D:5:      layout_basic, pf_just_have_faith, minmay_fractal_squares_gapless_5,
          uniq_ijyb

Skill      XL: |  1  2  3  4  5  6 |
---------------+-------------------+-----
Earth Magic    | 3 4 |  4.5
Dodging        | 2 |  2.4
Stealth        | 2 |  2.5
Spellcasting   | 3 4 |  4.0
Fighting       | |  0.9
Maces & Flails | |  0.4
Transmutations | |  0.8

Action                     |  1- 3 |  4- 6 || total
---------------------------+-------+-------++-------
  Melee: Dagger            |    14 |     1 ||    15
         Kick              |     2 |     5 ||     7
         Mace              |       |     7 ||     7
         Whip              |       |     8 ||     8
         Headbutt          |       |     1 ||     1
   Cast: Sandblast         |    43 |    62 ||   105
    Use: Scroll            |     1 |     9 ||    10
         Potion            |       |     3 ||     3
   Stab: Sleeping          |     3 |     2 ||     5
 Armour: Robe              |     8 |     8 ||    16
  Dodge: Dodged            |    17 |    56 ||    73
